 Dungeon Crawl Stone Soup version 0.31.0-32-g396128a36d (webtiles) character file.

Game seed: 5387029433675824800

4340 monsoonserge the Grappler (level 10, 0/76 HPs)
             Began as a Gnoll Shapeshifter on Apr 2, 2024.
             Was a Priest of Elyvilon.
             Succumbed to a hornet's poison
             ... while paralysed by a hornet
             ... on level 9 of the Dungeon.
             The game lasted 00:22:26 (8526 turns).

monsoonserge the Grappler (Gnoll Shapeshifter)      Turns: 8526, Time: 00:22:26

Health: 0/76       AC:  7    Str: 18    XL:     10   Next: 33%
Magic:  18/18      EV:  2    Int: 10    God:    Elyvilon [***...]
Gold:   468        SH:  0    Dex: 11    Spells: 19/19 levels left

rFire   . .          .
                       - Unarmed
rCold   + . .        (shield currently unavailable)
rNeg    . . .        H - melded +2 chain mail {rC+}
rPois   .            x - +0 helmet {SInv}
rElec   .            D - +1 cloak {Stlth+}
rCorr   .            (no gloves)
SInv    +            (no boots)
Will    .....        (no amulet)
Stlth   ++           e - +4 ring of protection
HPRegen 0.32/turn    l - ring of protection from cold
MPRegen 0.16/turn

%: no passive effects
@: paralysed, lethally poisoned (0 -> -17), flux-form, slowed, glowing
A: glow, contaminating, fangs 1, strong nose, distributed training
a: Begin Untransformation, Renounce Religion, Purification, Heal Other, Heal
Self


You were on level 9 of the Dungeon.
You worshipped Elyvilon.
Elyvilon was most pleased with you.
You were something dangerously unstable.
You visited 2 branches of the dungeon, and saw 10 of its levels.

You collected 468 gold pieces.

Inventory:

Missiles
 u - 4 atropa-tipped darts
 C - 38 poisoned darts
 O - 2 throwing nets
Armour
 m - an orb of energy
 x - a +0 helmet of see invisible (worn)
 D - a +1 cloak of stealth (worn)
 H - a +2 chain mail of cold resistance (melded)
 M - a +2 leather armour of poison resistance
Magical Staves
 q - a staff of earth
Jewellery
 a - an amulet of the acrobat
 e - a +4 ring of protection (left hand)
 l - a ring of protection from cold (right hand)
 o - a +6 ring of intelligence
Talismans
 c - a beast talisman
 d - a flux talisman (active)
 N - a serpent talisman
Wands
 g - a wand of acid (8)
 B - a wand of mindburst (17)
 G - a wand of digging (3)
 J - a wand of charming (6)
 P - a wand of iceblast (16)
 T - a wand of flame (18) (quivered)
 U - a wand of polymorph (12)
Scrolls
 f - 6 scrolls of teleportation {unknown}
 h - 3 scrolls of blinking
 k - 4 scrolls of fear
 p - 2 scrolls of fog
 r - a scroll of immolation {unknown}
 s - a scroll of revelation
 v - 4 scrolls of vulnerability
 y - a scroll of butterflies
 A - 3 scrolls of enchant armour
 F - a scroll of enchant weapon {unknown}
 I - 2 scrolls of poison
 K - a scroll of amnesia {unknown}
 Q - 2 scrolls of torment {unknown}
 R - a scroll of brand weapon {unknown}
Potions
 b - a potion of cancellation {unknown}
 i - 3 potions of curing {unknown}
 j - 2 potions of haste
 n - 2 potions of enlightenment
 t - a potion of berserk rage {unknown}
 w - a potion of attraction {unknown}
 z - 4 potions of heal wounds {unknown}
 L - a potion of might {unknown}
 S - a potion of mutation {unknown}


   Skills:
 + Level 6.0 Fighting
 + Level 5.4 Short Blades
 + Level 5.4 Long Blades
 + Level 5.4 Axes
 + Level 5.4 Maces & Flails
 + Level 5.4 Polearms
 + Level 5.4 Staves
 + Level 5.4 Ranged Weapons
 + Level 5.4 Throwing
 + Level 5.4 Armour
 + Level 7.1 Dodging
 + Level 5.4 Stealth
 + Level 5.4 Shields
 + Level 8.6 Unarmed Combat
 + Level 5.4 Spellcasting
 + Level 4.4 Conjurations
 + Level 4.4 Hexes
 + Level 4.4 Summonings
 + Level 4.4 Necromancy
 + Level 4.4 Translocations
 + Level 4.4 Fire Magic
 + Level 4.4 Ice Magic
 + Level 4.4 Air Magic
 + Level 4.4 Earth Magic
 + Level 4.4 Alchemy
 + Level 5.9 Invocations
 + Level 5.4 Evocations
 + Level 8.2 Shapeshifting


You had 19 spell levels left.
You didn't know any spells.
Your spell library contained the following spells:

 Spells                   Type           Power      Damage    Failure   Level
 Apportation              Tloc           22%        N/A       3%          1
 Jinxbite                 Hex            22%        N/A       5%          2
 Frozen Ramparts          Ice            22%        1d4       11%         3
 Hailstorm                Conj/Ice       11%        3d6       11%         3
 Summon Ice Beast         Ice/Summ       11%        N/A       11%         3
 Leda's Liquefaction      Alch/Erth      5%         N/A       34%         4
 Olgreb's Toxic Radiance  Alch           11%        N/A       34%         4
 Petrify                  Alch/Erth      11%        N/A       34%         4
 Alistair's Intoxication  Alch           7%         N/A       69%         5
 Metabolic Englaciation   Hex/Ice        5%         N/A       69%         5
 Sculpt Simulacrum        Ice/Alch       5%         N/A       99%         6
 Ozocubu's Refrigeration  Ice            5%         4d8       100%        7
 Discord                  Hex            5%         N/A       100%        8


Dungeon Overview and Level Annotations

Branches:
Dungeon (9/15)             Temple (1/1) D:7
   Lair: D:8-11         Orc: D:9-12

Altars:
Ashenzari
Cheibriados
Dithmenos
Elyvilon
Fedhas
Hepliaklqana
Kikubaaqudgha
Makhleb
Nemelex Xobeh
Okawaru
Qazlal
Ru
Sif Muna
Trog
Vehumet
Wu Jian
Xom
Yredelemnul
Zin
The Shining One

Shops:
D:8 [

Annotations:
D:7 2 transporters, Eolas's ghost, novice TrSh


Innate Abilities, Weirdness & Mutations

You are something dangerously unstable.
You glow with magical radiation, making you easy to see and hit.
Foes you strike become dangerously contaminated with magical radiation.
You are incapable of wielding weapons or throwing items.
You have very sharp teeth.
Your uncanny sense of smell can sniff out nearby items.
Your experience applies equally to all skills.


Message History

The hornet stings you but does no damage.
The hornet stings you.
You are more poisoned.
You shrug off the repeated paralysis!
You feel very sick. The hornet stings you.
You are more poisoned.
You shrug off the repeated paralysis!
You feel very sick. The hornet stings you.
You are more poisoned.
You feel yourself slow down.
The hornet stings you but does no damage.
You can move again.
You completely miss the hornet. Your bite misses the hornet.
The hornet is severely wounded.
You feel extremely sick. The hornet closely misses you. The hornet stings you.
You are lethally poisoned!
You feel as though you will be slow longer.
You barely miss the hornet.
The hornet is severely wounded.
* * * LOW HITPOINT WARNING * * *
You feel extremely sick. The hornet misses you.
Unknown command.
You are lethally poisoned (20 -> -3).
You are something dangerously unstable.
You are slowed.
You are glowing.
Your movement speed is very slow.
Your attack delay is about 1.2.
Your damage rating with unarmed combat is about 14 (Base [3 + 8 (UC)] x 120% (Str) x 110% (Fight)).
You hit the hornet but do no damage.
The hornet glows dangerously bright.
The hornet is severely wounded.
* * * LOW HITPOINT WARNING * * *
You feel extremely sick. The hornet stings you.
* * * LOW HITPOINT WARNING * * *
You suddenly lose the ability to move!
The hornet stings you.
* * * LOW HITPOINT WARNING * * *
You feel as though you will be slow longer.
You die...

∆ #..# ∆ #..#
#..# ∆ #..#
#.)#
########..#
.........#
#.###.####..#
#....yp....##
#.##########


You could see a hornet (heavy contam).

Vanquished Creatures
  A two-headed ogre (D:8)
  A hornet (D:8)
  Sigmund (D:2)
  6 yaks (D:9)
  A water moccasin (D:5)
  Duvessa (D:4)
  An ice beast (D:5)
  2 sky beasts (D:8)
  An orc warrior (D:6)
  A black bear (D:6)
  An ogre (D:4)
  A centaur (D:6)
  A phantom (D:5)
  2 kobold brigands
  2 bullfrogs (D:7)
  2 gnoll sergeants
  3 scorpions
  Dowan (D:4)
  3 howler monkeys
  A vampire bat (D:6)
  An electric eel (D:8)
  3 bombardier beetles
  4 hounds
  3 jellies
  3 sleepcaps
  An orc priest (D:6)
  An iguana (D:4)
  2 orc wizards
  Robin (D:3)
  10 gnolls
  6 adders
  A white imp (D:4)
  4 ufetubi
  A ribbon worm (D:2)
  6 dart slugs
  7 orcs
  5 bats
  A bat skeleton (D:6)
  3 bat zombies (D:6)
  5 endoplasms
  2 giant cockroaches
  10 hobgoblins
  4 jackals (D:3)
  3 quokkas
  5 ball pythons
  4 frilled lizards
  16 goblins
  31 kobolds
  3 rats
179 creatures vanquished.

Notes
Turn   | Place    | Note
-------+----------+-------------------------------------------
     0 | D:1      | monsoonserge the Gnoll Shapeshifter began the quest for the
                  | Orb.
     0 | D:1      | Reached XP level 1. HP: 17/17 MP: 1/1
   130 | D:1      | You fall into a shaft and drop 1 floor!
   229 | D:2      | Noticed Sigmund
   232 | D:2      | Reached XP level 2. HP: 21/23 MP: 2/2
   239 | D:2      | Killed Sigmund
   240 | D:2      | Reached skill level 1 in Short Blades
   240 | D:2      | Reached skill level 1 in Long Blades
   240 | D:2      | Reached skill level 1 in Axes
   240 | D:2      | Reached skill level 1 in Maces & Flails
   240 | D:2      | Reached skill level 1 in Polearms
   240 | D:2      | Reached skill level 1 in Staves
   240 | D:2      | Reached skill level 1 in Ranged Weapons
   240 | D:2      | Reached skill level 1 in Throwing
   240 | D:2      | Reached skill level 1 in Armour
   240 | D:2      | Reached skill level 1 in Stealth
   240 | D:2      | Reached skill level 1 in Shields
   240 | D:2      | Reached skill level 1 in Spellcasting
   240 | D:2      | Reached skill level 1 in Conjurations
   240 | D:2      | Reached skill level 1 in Hexes
   240 | D:2      | Reached skill level 1 in Summonings
   240 | D:2      | Reached skill level 1 in Necromancy
   240 | D:2      | Reached skill level 1 in Translocations
   240 | D:2      | Reached skill level 1 in Fire Magic
   240 | D:2      | Reached skill level 1 in Ice Magic
   240 | D:2      | Reached skill level 1 in Air Magic
   240 | D:2      | Reached skill level 1 in Earth Magic
   240 | D:2      | Reached skill level 1 in Alchemy
   240 | D:2      | Reached skill level 1 in Invocations
   240 | D:2      | Reached skill level 1 in Evocations
   240 | D:2      | Reached XP level 3. HP: 29/29 MP: 2/5
   240 | D:2      | Reached XP level 4. HP: 35/35 MP: 2/6
   240 | D:2      | Reached XP level 5. HP: 41/41 MP: 2/7
  1185 | D:2      | Reached XP level 6. HP: 45/47 MP: 8/8
  1547 | D:3      | Noticed Robin
  1578 | D:3      | Killed Robin
  1579 | D:3      | Reached skill level 5 in Dodging
  1803 | D:3      | Found a shimmering altar of Xom.
  2451 | D:4      | Noticed Dowan
  2460 | D:4      | Killed Dowan
  2461 | D:4      | Noticed Duvessa
  2471 | D:4      | Killed Duvessa
  2472 | D:4      | Reached XP level 7. HP: 31/52 MP: 10/10
  3448 | D:5      | Entered Level 5 of the Dungeon
  3502 | D:5      | Reached XP level 8. HP: 53/60 MP: 12/12
  4377 | D:6      | Reached XP level 9. HP: 35/66 MP: 14/14
  4500 | D:6      | Found a burning altar of Makhleb.
  4871 | D:6      | Found an ancient bone altar of Kikubaaqudgha.
  5124 | D:7      | Found a glowing golden altar of the Shining One.
  5142 | D:7      | Found a hazy altar of Hepliaklqana.
  5196 | D:7      | Found a transporter.
  5200 | D:7      | Found a transporter.
  5201 | D:7      | Noticed Eolas's ghost (novice TrSh)
  5202 | D:7      | Noticed a hornet
  5245 | D:7      | Found a staircase to the Ecumenical Temple.
  5278 | Temple   | Entered the Ecumenical Temple
  5311 | Temple   | Became a worshipper of Elyvilon the Healer
  5568 | D:7      | Reached skill level 5 in Fighting
  5611 | D:7      | Found a sacrificial altar of Ru.
  6886 | D:8      | Reached * piety under Elyvilon
  7358 | D:8      | Noticed a two-headed ogre
  7365 | D:8      | Killed a two-headed ogre
  7366 | D:8      | Reached skill level 5 in Invocations
  7578 | D:8      | Found a radiant altar of Vehumet.
  7579 | D:8      | Reached ** piety under Elyvilon
  7631 | D:8      | Noticed a hornet
  7639 | D:8      | Killed a hornet
  7793 | D:8      | Reached skill level 5 in Short Blades
  7793 | D:8      | Reached skill level 5 in Long Blades
  7793 | D:8      | Reached skill level 5 in Axes
  7793 | D:8      | Reached skill level 5 in Maces & Flails
  7793 | D:8      | Reached skill level 5 in Polearms
  7793 | D:8      | Reached skill level 5 in Staves
  7793 | D:8      | Reached skill level 5 in Ranged Weapons
  7793 | D:8      | Reached skill level 5 in Throwing
  7793 | D:8      | Reached skill level 5 in Armour
  7793 | D:8      | Reached skill level 5 in Stealth
  7793 | D:8      | Reached skill level 5 in Shields
  7793 | D:8      | Reached skill level 5 in Spellcasting
  7793 | D:8      | Reached skill level 5 in Evocations
  7793 | D:8      | Reached XP level 10. HP: 76/76 MP: 17/17
  7835 | D:8      | Found Meyk's Antique Armour Emporium.
  8015 | D:8      | Found a snail-covered altar of Cheibriados.
  8105 | D:8      | Found a bloodstained altar of Trog.
  8245 | D:9      | Reached *** piety under Elyvilon
  8519 | D:9      | Paralysed by a hornet for 3 turns
  8525 | D:9      | Paralysed by a hornet for 2 turns
  8525 | D:9      | HP: 3/76 [hornet (4)]
  8526 | D:9      | Succumbed to a hornet's poison

Illustrated notes

Levels and vault maps discovered:
D:1:      minmay_arrival_three_doors, layout_basic, minmay_misc_feat_enclosed
D:2:      layout_loops_cross, uniq_sigmund
D:3:      cheibrodos_old_hovel, layout_loops_corners, xom_teletrap_fun,
          minmay_bisected, uniq_robin
D:4:      layout_basic, nicolae_figureground_pulse, uniq_duvessa
D:5:      layout_rooms
D:6:      layout_loops_ring, mainiacjoe_overflow_alcove_4,
          kennysheep_vampire_church, chequers_serial_rivers_room_a,
          kennysheep_donut, roderic_lattice_a
D:7:      kennysheep_kobold_camp, layout_loops_corners,
          nicolae_ru_great_annihilating_truth, kennysheep_little_box,
          tso_oasis_becter, minmay_temple_entry_purple_smoke,
          gammafunk_ghost_hive
D:8:      layout_layer_cave, kennysheep_mini_moat, slow_altar_2,
          lemuel_round_altar, serial_shops, shop, minmay_tree_intersection,
          serial_bayou_lagoon_b
D:9:      layout_basic, minivault_13, uniq_maurice
Temple:   hellmonk_temple_of_storms

Skill      XL: |  1  2  3  4  5  6  7  8  9 10 |
---------------+-------------------------------+-----
Fighting       | 3 4 5 6 |  6.0
Short Blades   | 1 2 3 5 |  5.4
Long Blades    | 1 2 3 5 |  5.4
Axes           | 1 2 3 5 |  5.4
Maces & Flails | 1 2 3 5 |  5.4
Polearms       | 1 2 3 5 |  5.4
Staves         | 1 2 3 5 |  5.4
Ranged Weapons | 1 2 3 5 |  5.4
Throwing       | 1 2 3 5 |  5.4
Armour         | 1 2 3 5 |  5.4
Stealth        | 1 2 3 5 |  5.4
Shields        | 1 2 3 5 |  5.4
Spellcasting   | 1 2 3 5 |  5.4
Conjurations   | 1 2 3 4 |  4.4
Hexes          | 1 2 3 4 |  4.4
Summonings     | 1 2 3 4 |  4.4
Necromancy     | 1 2 3 4 |  4.4
Translocations | 1 2 3 4 |  4.4
Fire Magic     | 1 2 3 4 |  4.4
Ice Magic      | 1 2 3 4 |  4.4
Air Magic      | 1 2 3 4 |  4.4
Earth Magic    | 1 2 3 4 |  4.4
Alchemy        | 1 2 3 4 |  4.4
Invocations    | 1 2 3 4 5 |  5.9
Evocations     | 1 2 3 5 |  5.4
Dodging        | 5 6 7 |  7.1
Unarmed Combat | 7 8 |  8.6
Shapeshifting  | 7 8 |  8.2

Action                     |  1- 3 |  4- 6 |  7- 9 | 10-12 || total
---------------------------+-------+-------+-------+-------++-------
  Melee: Unarmed           |    19 |   178 |   380 |    61 ||   638
         Bite              |     2 |    15 |    45 |    14 ||    76
  Evoke: Wand              |       |       |     2 |     1 ||     3
    Use: Potion            |     1 |       |       |       ||     1
         Scroll            |       |       |    10 |       ||    10
   Stab: Distracted        |       |     1 |       |       ||     1
         Sleeping          |       |       |     3 |       ||     3
 Armour: Ring mail         |    12 |     3 |       |       ||    15
         Skin              |     4 |    46 |   157 |    24 ||   231
  Dodge: Dodged            |     5 |   136 |   346 |    37 ||   524
   Form: Flux              |     2 |     2 |     2 |       ||     6
         Beast             |     2 |     1 |     1 |       ||     4
         Serpent           |       |       |     1 |       ||     1
